 Dungeon Crawl Stone Soup version 0.20.1-1-g8b1a95d (webtiles) character file.

906 dohliylev the Covert (level 7, -1/48 HPs)
             Began as a Vampire Enchanter on Dec 13, 2017.
             Was an Initiate of Makhleb.
             Killed by divine providence
             ... invoked by an orc priest
              (13 damage)
             ... on level 5 of the Dungeon.
             The game lasted 00:15:59 (4821 turns).

dohliylev the Covert (Vampire Enchanter)            Turns: 4821, Time: 00:16:01

Health: -1/48      AC: 10    Str:  7    XL:     7   Next: 81%
Magic:  2/9        EV: 10    Int: 17    God:    Makhleb [......]
Gold:   225        SH:  0    Dex: 17    Spells: 2/11 levels left

rFire    . . .     SeeInvis +   a - +1 dagger
rCold    + . .     Gourm    .   (no shield)
rNeg     + + +     Faith    .   x - quicksilver dragon scales
rPois    +         Spirit   .   (no helmet)
rElec    .         Reflect  .   (no cloak)
rCorr    .         Harm     .   (no gloves)
MR       +....                  o - +0 pair of boots
Stlth    +++++++...             (no amulet)
Regen    0.1/turn               q - ring of stealth
MPRegen  0.2/turn               s - ring of positive energy

@: very slightly contaminated, regenerating slowly
A: fangs 3, see invisible, low mp 1, unbreathing
a: Bat Form, Renounce Religion


You were on level 5 of the Dungeon.
You worshipped Makhleb.
Makhleb was noncommittal.
You were thirsty.

You visited 2 branches of the dungeon, and saw 6 of its levels.

You collected 225 gold pieces.

Inventory:

Hand Weapons
 a - a +1 dagger (weapon)
Armour
 o - a +0 pair of boots (worn)
 x - quicksilver dragon scales (worn)
Jewellery
 q - a ring of stealth (left hand)
 s - a ring of positive energy (right hand)
 u - an uncursed ring of resist corrosion
 z - a cursed ring of teleportation {unknown}
Wands
 y - a wand of clouds (4/9)
Scrolls
 b - a scroll of enchant weapon {unknown}
 e - 5 scrolls of remove curse {unknown}
 g - 5 scrolls of teleportation {unknown}
 h - a scroll of recharging {unknown}
 j - 3 scrolls of enchant armour {unknown}
 m - a scroll of fear {unknown}
 r - 4 scrolls of identify {unknown}
Potions
 d - 8 potions of blood
 f - 3 potions of curing {unknown}
 i - 2 potions of degeneration {unknown}
 k - 3 potions of brilliance {unknown}
 l - a potion of might {unknown}
 n - a potion of flight {unknown}
 p - a potion of berserk rage {unknown}
 t - 3 potions of agility {unknown}
 v - a potion of resistance {unknown}
 w - a potion of cancellation {unknown}
Books
 c - a book of Maledictions

   Spells                             Type                      Level
   a - Corona                         Hexes                        1
   b - Ensorcelled Hibernation        Hexes/Ice                    2
   c - Confuse                        Hexes                        3
   d - Tukima's Dance                 Hexes                        3
   e - Dazzling Spray                 Conjuration/Hexes            3


   Skills:
 - Level 1.0 Fighting
 - Level 1.1 Short Blades
 + Level 1.6 Armour
 - Level 2.1 Dodging
 - Level 12.0 Stealth
 + Level 2.7 Spellcasting
 + Level 5.5 Hexes
 + Level 2.2 Ice Magic


You had 2 spell levels left.
You knew the following spells:

 Your Spells              Type           Power        Failure   Level  Hunger
a - Corona                Hex            ###....      6%          1    #......
b - Ensorcelled Hibernat  Hex/Ice        ###...       19%         2    ##.....
c - Confuse               Hex            ###.....     19%         3    ###....
d - Dazzling Spray        Conj/Hex       ##....       50%         3    ###....


Dungeon Overview and Level Annotations

Branches:
Dungeon (5/15)             Temple (1/1) D:5

Altars:
Cheibriados
Dithmenos
Elyvilon
Hepliaklqana
Makhleb
Qazlal
Sif Muna
Xom
Zin

Annotations:
D:5 1 transporter


Innate Abilities, Weirdness & Mutations

You heal slowly.
You have razor-sharp teeth.
You have supernaturally acute eyesight. (SInv)
You can survive without breathing.
Your magical capacity is low. (-10% MP)


Message History

Aim: a hellwing (summoned, chance to defeat MR: 19%)
The hellwing resists with almost no effort.
The hellwing hits you but does no damage.
The hellwing completely misses you.
You hit the hellwing but do no damage. The hellwing barely misses you.
The hellwing hits you but does no damage.
You hit the hellwing but do no damage.
You bite the hellwing, but do no damage.
The hellwing closely misses you. The hellwing barely misses you.
The kobold demonologist miscasts a cantrip.
You hit the hellwing but do no damage.
The hellwing disappears in a puff of smoke!
The kobold demonologist mumbles some strange words.
The neqoxec gestures at you.
Strange energies course through your body.
You feel less energetic.
There is a transporter here.
The orc priest calls down the wrath of Beogh upon you.
Beogh smites you!
You die...

# #........#.................
##.#.####.##.....##########.
#.......#.###...#### #. #
#..#.##.#)#........# ##' ##
#..#....#.#..#.###.# ##.. .##
#..###..#.#....###.# ##... ..##
#.......[..........# ##....
...###....#..#########..####.....
.............#8P@©.P8#.....'.....
..%.......)..#≈.....≈#...###.....
..#.####.#...####'####.#.# ##....
.##.# ###...#o≈..3≈K#.#.# ##...
#...# ####...#5≈...≈5#.#.# ##..
#.#.# #......#.≈P≈≈≈o#.#.# ##+
#'### #.##.#.#.≈≈⌠≈≈.#...# #.
....# #.##.#.#.≈≈≈≈≈.#.#########.
###.###.##.#.#.≈...≈.#........##.


You could see a kobold demonologist, a neqoxec, 2 orc priests and 2 shadow imps.

Vanquished Creatures
  Eustachio (D:5)
  An ice beast (D:5)
  2 ogres
  A centaur (D:5)
  A crimson imp (D:5)
  2 hounds (D:4)
  An orc priest (D:5)
  A bullfrog skeleton (D:5)
  2 jellies (D:5)
  An iguana (D:4)
  A worker ant (D:5)
  3 gnolls (D:4)
  6 adders
  A worm (D:2)
  An adder skeleton (D:4)
  A dart slug (D:2)
  5 leopard geckos
  5 orcs
  3 giant cockroaches
  3 goblins
  4 hobgoblins
  10 jackals
  8 kobolds
  2 quokkas
  3 bats
  5 frilled lizards
  A quokka skeleton (D:4)
  3 rats
78 creatures vanquished.

Notes
Turn   | Place    | Note
-------+----------+-------------------------------------------
     0 | D:1      | dohliylev the Vampire Enchanter began the quest for the Orb.
     0 | D:1      | Reached XP level 1. HP: 13/13 MP: 3/3
   216 | D:1      | Reached skill level 5 in Stealth
   322 | D:1      | Reached XP level 2. HP: 19/19 MP: 5/5
   326 | D:1      | Learned a level 2 spell: Ensorcelled Hibernation
   633 | D:1      | Found a deep blue altar of Sif Muna.
   937 | D:2      | Reached skill level 6 in Stealth
   949 | D:2      | Reached XP level 3. HP: 15/25 MP: 0/6
  1376 | D:2      | Reached skill level 7 in Stealth
  1640 | D:3      | Reached XP level 4. HP: 31/31 MP: 7/7
  2454 | D:4      | Noticed an ogre
  2469 | D:4      | Killed an ogre
  2469 | D:4      | Reached skill level 1 in Fighting
  2469 | D:4      | Reached skill level 8 in Stealth
  2469 | D:4      | Reached skill level 1 in Ice Magic
  2469 | D:4      | Reached XP level 5. HP: 37/37 MP: 5/8
  2542 | D:4      | Found a shimmering altar of Xom.
  2630 | D:4      | Found a hazy altar of Hepliaklqana.
  2690 | D:4      | Reached skill level 9 in Stealth
  2700 | D:4      | Found a snail-covered altar of Cheibriados.
  2887 | D:4      | Reached XP level 6. HP: 41/43 MP: 4/9
  3190 | D:4      | Reached skill level 10 in Stealth
  3549 | D:5      | Entered Level 5 of the Dungeon
  3554 | D:5      | Learned a level 3 spell: Confuse
  3631 | D:5      | Found a transporter.
  3631 | D:5      | Noticed Eustachio
  3642 | D:5      | Noticed a kobold demonologist
  3643 | D:5      | Killed Eustachio
  3643 | D:5      | Reached skill level 11 in Stealth
  3673 | D:5      | Found a transporter.
  3815 | D:5      | Found a staircase to the Ecumenical Temple.
  3822 | D:5      | Reached XP level 7. HP: 48/48 MP: 10/10
  3826 | Temple   | Entered the Ecumenical Temple
  3835 | Temple   | Became a worshipper of Makhleb the Destroyer
  3880 | D:5      | Reached skill level 12 in Stealth
  3989 | D:5      | Reached skill level 1 in Armour
  4183 | D:5      | Reached skill level 5 in Hexes
  4787 | D:5      | Learned a level 3 spell: Dazzling Spray
  4793 | D:5      | Noticed a hellwing
  4820 | D:5      | Noticed a neqoxec
  4820 | D:5      | Gained mutation: Your magical capacity is low. (-10% MP) [a neqoxec]
  4821 | D:5      | Killed from afar by an orc priest

Skill      XL: |  1  2  3  4  5  6  7 |
---------------+----------------------+-----
Stealth        | 5 6 7 8 9 11 12 | 12.0
Fighting       | 1 |  1.0
Ice Magic      | 1 2 |  2.2
Armour         | 1 |  1.6
Hexes          | 5 |  5.5
Short Blades   | |  1.1
Dodging        | |  2.1
Spellcasting   | |  2.7

Action                   |  1- 3 |  4- 6 |  7- 9 || total
-------------------------+-------+-------+-------++-------
Melee: Dagger            |    65 |   100 |    45 ||   210
       Bite              |     2 |     7 |     3 ||    12
 Cast: Corona            |     2 |     1 |     2 ||     5
       Ensorcelled Hiber |    19 |    26 |    10 ||    55
       Confuse           |       |       |     1 ||     1
 Abil: End Transformatio |       |     9 |     1 ||    10
       Bat Form          |       |     9 |     1 ||    10
  Use: Potion            |       |     5 |     1 ||     6
 Stab: Sleeping          |    30 |    23 |     7 ||    60
  Eat: Corpse            |     3 |     2 |       ||     5
Armor: Robe              |    20 |    22 |       ||    42
       Quicksilver drago |       |    14 |    31 ||    45
Dodge: Dodged            |    32 |    76 |    38 ||   146
